 Dungeon Crawl Stone Soup version 0.28-a0-793-g31680bbd8b (webtiles) character file.

Game seed: 9007099407988699749

21 croobank the Magician (level 2, 0/15 HPs)
             Began as a Deep Elf Hedge Wizard on Nov 4, 2021.
             Succumbed to an adder's poison
             ... on level 2 of the Dungeon.
             The game lasted 00:13:40 (720 turns).

croobank the Magician (Deep Elf Hedge Wizard)        Turns: 720, Time: 00:13:41

Health: 0/15       AC:  2    Str:  7    XL:     2   Next: 65%
Magic:  0/10       EV: 12    Int: 18    God:
Gold:   59         SH:  0    Dex: 14    Spells: 5/11 levels left

rFire   . . .      SeeInvis .   a - +0 dagger
rCold   . . .      Faith    .   (no shield)
rNeg    . . .      Spirit   .   b - +0 robe
rPois   .          Reflect  .   c - +0 hat
rElec   .          Harm     .   (no cloak)
rCorr   .          Rampage  .   (no gloves)
Will    .....                   (no boots)
Stlth   ++........              (no amulet)
HPRegen 0.05/turn               (no ring)
MPRegen 0.12/turn               (no ring)

@: lethally poisoned (0 -> -4), very slightly contaminated
A: no striking features
a: no special abilities


You were on level 2 of the Dungeon.
You visited 1 branch of the dungeon, and saw 2 of its levels.

You collected 59 gold pieces.

Inventory:

Hand Weapons
 a - a +0 dagger (weapon)
Missiles
 f - 41 stones
Armour
 b - a +0 robe (worn)
 c - a +0 hat (worn)
Scrolls
 h - a scroll of identify {unknown}
 i - a scroll of brand weapon {unknown}
Potions
 d - a potion of haste {unknown}
 e - a potion of curing {unknown}
 g - a potion of resistance {unknown}


   Skills:
 + Level 2.4 Dodging
 + Level 2.6 Stealth
 + Level 5.4 Spellcasting
 + Level 1.2 Conjurations
 + Level 1.2 Summonings
 + Level 1.1 Translocations


You had 5 spell levels left.
You knew the following spells:

 Your Spells              Type           Power      Damage    Failure   Level
a - Magic Dart            Conj           36%        1d4       8%          1
b - Slow                  Hex            16%        N/A       13%         1
c - Blink                 Tloc           16%        N/A       12%         2
d - Ensorcelled Hibernat  Hex/Ice        8%         N/A       19%         2

Your spell library contained the following spells:

 Spells                   Type           Power      Damage    Failure   Level
 Call Imp                 Summ           9%         N/A       12%         2
 Conjure Flame            Conj/Fire      7%         6-21      30%         3
 Mephitic Cloud           Conj/Pois/Air  6%         N/A       32%         3
 Spider Form              Tmut/Pois      4%         N/A       36%         3


Dungeon Overview and Level Annotations

Branches:
Dungeon (1/15)

Altars:

Shops:
D:1 ![


Message History

The adder bites you.
You hit the adder but do no damage.
The adder is almost dead.
The adder completely misses you. The adder closely misses you.
You hit the adder.
The adder is almost dead.
The adder misses you.
An adder is nearby!
An adder is nearby!
Aiming: Magic Dart (safe; 8% risk of failure)
Press: ? - help, Q - select action, (/) - cycle Shift-Dir - straight line, f/p - adder
Aim: an adder (almost dead, 100% to hit)
The magic dart hits the adder but does no damage.
The adder is almost dead.
The adder bites you.
Your magical contamination has completely faded away.
Aiming: Magic Dart (safe; 8% risk of failure)
Press: ? - help, Q - select action, (/) - cycle Shift-Dir - straight line, f/p - adder
Aim: an adder (almost dead, 100% to hit)
The magic dart hits the adder but does no damage.
The adder is almost dead.
The adder bites you.
Aiming: Magic Dart (safe; 8% risk of failure)
Press: ? - help, Q - select action, (/) - cycle Shift-Dir - straight line, f/p - adder
Aim: an adder (almost dead, 100% to hit)
You miscast Magic Dart.
You are very lightly contaminated with residual magic.
Nothing appears to happen.
The adder bites you.
* * * LOW HITPOINT WARNING * * *
The adder barely misses you.
You miss the adder.
The adder is almost dead.
The adder bites you.
* * * LOW HITPOINT WARNING * * *
You are lethally poisoned!
The adder poisons you!
You completely miss the adder.
The adder is almost dead.
You die...

...#
..#.#########.#
..............#
....#.......#.#
#......#......#
...#.)...#....#
#....#....#...#
#.S@#...#.#
#..#..#....#
#.# #.#.#.#.#
#. ##.##.#.#
###†##.#
##.##.# #.###.#
### ######.#
#.# #......#


You could see an adder.

Vanquished Creatures
  A gnoll (D:2)
  A ball python (D:1)
  2 endoplasms (D:2)
  2 goblins (D:1)
  A hobgoblin (D:1)
  2 bats (D:1)
  3 frilled lizards
  A kobold (D:1)
13 creatures vanquished.

Notes
Turn   | Place    | Note
-------+----------+-------------------------------------------
     0 | D:1      | croobank the Deep Elf Hedge Wizard began the quest for the
                  | Orb.
     0 | D:1      | Reached XP level 1. HP: 10/10 MP: 7/7
   374 | D:1      | Found Zolal's Armour Shoppe.
   392 | D:1      | Reached skill level 5 in Spellcasting
   392 | D:1      | Reached XP level 2. HP: 13/15 MP: 0/10
   396 | D:1      | Learned a level 1 spell: Slow
   399 | D:1      | Learned a level 2 spell: Blink
   485 | D:1      | Found Wyimuoll's Distillery.
   497 | D:1      | You fall into a shaft and drop 1 floor!
   497 | D:2      | Found a faded altar of an unknown god.
   503 | D:2      | Learned a level 2 spell: Ensorcelled Hibernation
   720 | D:2      | Succumbed to an adder's poison

Illustrated notes

Levels and vault maps discovered:
D:1:      dpeg_arrival_round_b, layout_rooms, serial_shops,
          nicolae_lakefront_shop, nicolae_shop_window_shopping, shop, shop,
          nicolae_lakefront_shop, serial_forest, infiniplex_forest_split,
          infiniplex_forest_clump_small, infiniplex_forest_clump_double,
          infiniplex_forest_clump_tiny, infiniplex_forest_straight_3,
          infiniplex_forest_corner_1, infiniplex_forest_clump_large,
          infiniplex_forest_end_2
D:2:      layout_loops_corners, hellmonk_ecumenical_altar_lost_god,
          minmay_increasing_density

Skill      XL: |  1 |
---------------+----+-----
Spellcasting   | 5 |  5.4
Dodging        | |  2.4
Stealth        | |  2.6
Conjurations   | |  1.2
Summonings     | |  1.2
Translocations | |  1.1

Action                   || total
-------------------------++-------
Melee: Dagger            ||     9
 Cast: Magic Dart        ||    40
Armor: Robe              ||     2
Dodge: Dodged            ||    11

Table legend: (Time is in decaauts)
 A = Elapsed time spent in this place.
 B = Non-inter-level travel time spent in this place.
 C = Inter-level travel time spent in this place.
 D = Time resting spent in this place.
 E = Time spent auto-exploring this place.
 F = Levels seen in this place.
 G = Mean time per level.
                   A        B        C        D        E       F      G
               +--------+--------+--------+--------+--------+-----+--------+
         Total |    719 |    719 |      0 |      0 |    600 |   2 |  359.5 |
       Dungeon |    719 |    719 |      0 |      0 |    600 |   2 |  359.5 |
               +--------+--------+--------+--------+--------+-----+--------+

Top non-repeatable levels by time:
     D:1: 497 daAuts
     D:2: 222 daAuts
